 Dungeon Crawl Stone Soup version 0.21.0-26-g889b8f6 (webtiles) character file.

104 komo4ek the Slasher (level 4, -3/26 HPs)
             Began as a Tengu Gladiator on Jan 27, 2018.
             Killed by divine providence
             ... invoked by an orc priest
              (11 damage)
             ... on level 4 of the Dungeon.
             The game lasted 00:06:30 (3192 turns).

komo4ek the Slasher (Tengu Gladiator)               Turns: 3192, Time: 00:06:31

Health: -3/26      AC:  5    Str: 12 (15) XL:     4   Next: 80%
Magic:  5/5        EV: 15    Int:  6 (8)  God:
Gold:   203        SH:  0    Dex: 14 (16) Spells: 1/3 levels left

rFire    + . .     SeeInvis .   a - +0 long sword
rCold    x . .     Gourm    .   (no shield)
rNeg     . . .     Faith    .   f - +0 ring mail
rPois    .         Spirit   .   c - +0 hat
rElec    .         Reflect  .   (no cloak)
rCorr    .         Harm     .   (no gloves)
MR       .....                  (boots unavailable)
Stlth    +.........             (no amulet)
HPRegen  0.08/turn              i - ring of fire
MPRegen  0.09/turn              q - +4 ring of evasion

@: hasted, very quick
A: beak, talons 3, mutation resistance 1
a: no special abilities


You were on level 4 of the Dungeon.
You were not hungry.

You visited 1 branch of the dungeon, and saw 4 of its levels.

You collected 203 gold pieces.

Inventory:

Hand Weapons
 a - a +0 long sword (weapon)
Missiles
 d - 3 throwing nets (quivered)
Armour
 b - a +0 leather armour
 c - a +0 hat (worn)
 f - a +0 ring mail (worn)
Jewellery
 i - a ring of fire (left hand)
 q - a +4 ring of evasion (right hand)
Scrolls
 e - a scroll of fog {unknown}
 g - 2 scrolls of amnesia
 j - 2 scrolls of identify
 m - a scroll of enchant armour {unknown}
 n - a scroll of blinking {unknown}
 p - 3 scrolls of enchant weapon {unknown}
 s - a scroll of magic mapping {unknown}
 v - a scroll of teleportation
Potions
 l - a potion of flight
 o - a potion of degeneration
Books
 k - a book of Maledictions

   Spells                             Type                      Level
   a - Corona                         Hexes                        1
   b - Ensorcelled Hibernation        Hexes/Ice                    2
   c - Confuse                        Hexes                        3
   d - Tukima's Dance                 Hexes                        3
   e - Dazzling Spray                 Conjuration/Hexes            3
Comestibles
 h - 2 rations


   Skills:
 - Level 2.0 Fighting
 * Level 5.9 Long Blades
 - Level 2.0 Throwing
 - Level 3.2 Dodging
 + Level 0.0 Hexes


You had one spell level left.
You knew the following spells:

 Your Spells              Type           Power        Failure   Level  Hunger
a - Ensorcelled Hibernat  Hex/Ice        #.....       86%         2    ###....


Dungeon Overview and Level Annotations

Branches:
Dungeon (4/15)
 Temple: D:4-7

Altars:


Innate Abilities, Weirdness & Mutations

You have a beak for a mouth.
You have claws for feet.
You are somewhat resistant to further mutation.


Message History

An orc wizard comes into view. It is wielding a dagger.
It was a potion of curing.
You feel better. The bullfrog barely misses you.
You riposte.
You hit the bullfrog.
The bullfrog is lightly wounded.
The orc priest calls down the wrath of Beogh upon you.
Beogh smites you!
Ouch! That really hurt!
* * * LOW HITPOINT WARNING * * *
The orc misses you.
It was a potion of haste.
You feel yourself speed up. The bullfrog completely misses you.
The orc misses you.
You riposte.
You closely miss the orc.
The orc is almost dead.
The orc closely misses you. The bullfrog misses you.
You riposte.
You completely miss the bullfrog. Your kick misses the bullfrog.
The bullfrog is lightly wounded.
The orc priest invokes the aid of Beogh against you.
Beogh smites you!
You die...

###.#######....#
.........ooo...#
###....o#...... #....o#
##### #.....# #....o#
#.....#
#....F################
##+#..@.......<......##
#.#......#..#.##...#
...#.#.##.#....##....
#..###.####..<#.......#
#.? ..# #####.#####.#
... #### #.# ### #.#
#.. ###


You could see a bullfrog, an orc priest and 2 orcs.

Vanquished Creatures
  4 adders
  An ooze (D:2)
  3 worms (D:2)
  4 dart slugs (D:1)
  2 leopard geckos
  2 orcs (D:3)
  11 hobgoblins
  2 jackals (D:3)
  6 bats
  2 frilled lizards (D:1)
  3 goblins
  A kobold (D:1)
  A quokka zombie (D:3)
  4 rats
46 creatures vanquished.

Notes
Turn   | Place    | Note
-------+----------+-------------------------------------------
     0 | D:1      | komo4ek the Tengu Gladiator began the quest for the Orb.
     0 | D:1      | Reached XP level 1. HP: 12/12 MP: 2/2
   109 | D:1      | Reached XP level 2. HP: 16/17 MP: 3/3
   130 | D:1      | Reached skill level 4 in Long Blades
   528 | D:1      | Reached XP level 3. HP: 20/21 MP: 4/4
  1329 | D:2      | Reached skill level 5 in Long Blades
  1680 | D:2      | Reached XP level 4. HP: 26/26 MP: 5/5
  3022 | D:3      | Learned a level 2 spell: Ensorcelled Hibernation
  3180 | D:4      | Noticed a bullfrog
  3183 | D:4      | Gained mutation: You are somewhat resistant to further mutation. [potion of mutation]
  3192 | D:4      | Killed from afar by an orc priest

Skill      XL: |  1  2  3 |
---------------+----------+-----
Long Blades    | 4 5 |  5.9
Fighting       | |  2.0
Throwing       | |  2.0
Dodging        | |  3.2

Action                   |  1- 3 |  4- 6 || total
-------------------------+-------+-------++-------
Melee: Long sword        |    54 |    35 ||    89
       Peck              |    11 |     7 ||    18
       Kick              |    20 |    11 ||    31
  Use: Scroll            |     1 |     3 ||     4
       Potion            |     1 |     4 ||     5
 Stab: Sleeping          |     2 |     2 ||     4
  Eat: Ration            |     1 |     1 ||     2
       Chunk             |       |     1 ||     1
Armor: Leather armour    |     3 |       ||     3
       Ring mail         |       |     1 ||     1
Dodge: Dodged            |    42 |    36 ||    78
       Rpst.: Long sword |    14 |    11 ||    25
